 Dungeon Crawl Stone Soup version 0.19-a0-1891-ge1d1fe8 (webtiles) character file.

221 Enish the Scratcher (level 5, -4/24 HPs)
             Began as a Felid Abyssal Knight on Oct 17, 2016.
             Was a Priest of Lugonu.
             Killed from afar by an orc wizard (8 damage)
             ... with a puff of flame
             ... on level 3 of the Dungeon on Oct 18, 2016.
             The game lasted 00:11:28 (1753 turns).

Enish the Scratcher (Felid Abyssal Knight)          Turns: 1753, Time: 00:11:28

Health: -4/24      AC:  2    Str:  8    XL:     5   Next: 65%
Magic:  7/7        EV: 19    Int: 13    God:    Lugonu [***...]
Gold:   289        SH:  0    Dex: 18    Spells: 0 memorised, 4 levels left
                                        Lives:  0   Deaths: 1

rFire  . . .     SeeInvis +       - Unarmed
rCold  . . .     Gourm    .     (armour unavailable)
rNeg   . . .     Faith    .     (shield unavailable)
rPois  .         Spirit   .     (helmet unavailable)
rElec  .         Reflect  .     (cloak unavailable)
rCorr  .         Harm     .     (gloves unavailable)
MR     .....                    (boots unavailable)
Stlth  ++++......               (no amulet)
                                (no ring)
                                l - ring of stealth

@: quick
A: no armour, no weapons or thrown items, stealth, claws 1, fangs 3, see
invisible, carnivore 3, speed 1, shaggy fur 2, slow metabolism 1, sharp paws
a: Depart the Abyss, Bend Space, Banish, Renounce Religion


You were on level 3 of the Dungeon.
You worshipped Lugonu.
Lugonu was most pleased with you.
You were not hungry.

You visited 1 branch of the dungeon, and saw 5 of its levels.
You visited the Abyss 1 time.

You collected 289 gold pieces.

Inventory:

Jewellery
 l - a ring of stealth (left paw)
Wands
 c - a wand of lightning (6/15)
 d - a wand of teleportation (5/9)
Scrolls
 e - a scroll of noise {unknown}
 g - 3 scrolls of enchant armour
 h - a scroll of remove curse
 i - a scroll of immolation {unknown}
Potions
 f - a potion of degeneration
 j - a potion of brilliance {unknown}
 k - a potion of curing {unknown}
 m - a potion of invisibility {unknown}
 o - a potion of might {unknown}
Comestibles
 a - 3 meat rations
 b - 3 chunks of flesh


   Skills:
 - Level 3.0 Fighting
 - Level 3.2 Dodging
 * Level 5.0 Stealth
 - Level 6.0 Unarmed Combat
 - Level 1.7 Invocations
 - Level 1.0 Evocations


You had 4 spell levels left.
You didn't know any spells.

Dungeon Overview and Level Annotations

Branches:
Dungeon (5/15)
 Temple: D:4-7

Altars:
Ashenzari


Innate Abilities, Weirdness & Mutations

You cannot wear armour.
You are incapable of wielding weapons or throwing items.
Your paws allow you to move quietly. (Stealth)
You have sharp claws.
You have razor-sharp teeth.
You have supernaturally acute eyesight. (SInv)
You are carnivorous and can eat meat at any time.
You cover ground quickly.
You are covered in thick fur. (AC +2)
You have a slow metabolism.
Your sharp claws are effective at attacking unaware monsters.


Message History

The orc barely misses you.
You claw the orc!
You kill the orc!
Lugonu accepts your kill.
Your Stealth skill increases to level 5!
A goblin comes into view. It is wielding a club.
The orc wizard misses you.
The goblin shouts!
You scratch the orc wizard.
The orc wizard is moderately wounded.
The goblin unwields an uncursed club.
The goblin wields a hunting sling.
The goblin shoots a sling bullet.
The sling bullet barely misses you. The orc wizard hits you with a dagger.
* * * LOW HITPOINT WARNING * * *
You scratch the orc wizard but do no damage.
You bite the orc wizard, but do no damage.
The orc wizard is moderately wounded.
The orc wizard casts a spell at you. The puff of flame hits you!
You die...

##........# #.# .
#....####.## ##.##.
#..#.#####.###.###.
#..#...........###.
#.(######..(.....[. #..#
#.####.##..
..####..######.####.##..
#......o>...............
..####(@...g##..######..
#..###.##..# #...
......))# ....# #.#.
.#####..# ##.# #.## #...
.# #. # #.#. .. #. # #.
.. #. # #$ .. .. . ..
..# ##


You could see an orc wizard and a goblin.

Vanquished Creatures
  An ogre (D:5)
  A small abomination (Abyss:2)
  An orc priest (D:4)
  Natasha (twice) (D:2)
  3 worker ants
  5 adders
  2 worms
  2 dart slugs
  3 leopard geckos
  7 orcs
  3 giant cockroaches
  6 goblins
  6 hobgoblins
  4 jackals
  6 bats
  5 frilled lizards
  7 kobolds
  A leopard gecko skeleton (D:4)
  2 rats
67 creatures vanquished.

Notes
Turn   | Place    | Note
-------+----------+-------------------------------------------
     0 | Abyss:1  | Enish the Felid Abyssal Knight began the quest for the Orb.
     0 | Abyss:1  | Reached XP level 1. HP: 10/10 MP: 3/3
    17 | Abyss:1  | Found a corrupted altar of Lugonu.
   108 | Abyss:2  | Noticed a ynoxinul
   109 | Abyss:2  | Noticed a stone giant skeleton
   117 | Abyss:2  | Noticed a small abomination
   119 | Abyss:2  | Noticed a guardian serpent
   120 | Abyss:2  | Noticed an eye of draining
   144 | Abyss:2  | Noticed a great orb of eyes
   158 | Abyss:2  | Noticed a smoke demon
   158 | Abyss:2  | Noticed a red devil
   159 | Abyss:2  | Noticed a red devil
   161 | Abyss:2  | Noticed a large abomination
   163 | Abyss:2  | Killed a small abomination
   163 | Abyss:2  | Reached skill level 4 in Unarmed Combat
   163 | Abyss:2  | Reached XP level 2. HP: 12/14 MP: 4/4
   163 | Abyss:2  | Reached XP level 3. HP: 15/17 MP: 5/5
   165 | D:1      | Escaped the Abyss
   282 | D:1      | Reached XP level 4. HP: 21/21 MP: 6/6
   478 | D:1      | Reached skill level 1 in Evocations
   502 | D:1      | Reached ** piety under Lugonu
   682 | D:2      | Noticed Natasha
   690 | D:2      | Killed Natasha
   850 | D:2      | Reached skill level 5 in Unarmed Combat
   850 | D:2      | Reached XP level 5. HP: 15/24 MP: 7/7
   970 | D:2      | Noticed Natasha
   981 | D:2      | Killed Natasha
  1505 | D:5      | Entered Level 5 of the Dungeon
  1526 | D:5      | Reached skill level 6 in Unarmed Combat
  1530 | D:5      | Found a shattered altar of Ashenzari.
  1561 | D:5      | Reached skill level 1 in Stealth
  1580 | D:5      | Gained mutation: You are covered in thick fur. (AC +2) [Felid growth]
  1580 | D:5      | Reached XP level 6. HP: 16/28 MP: 8/8
  1620 | D:5      | Upgraded the game from 0.19-a0-1888-g6ba2374 to 0.19-a0-1891-ge1d1fe8
  1731 | D:4      | Reached *** piety under Lugonu
  1731 | D:4      | Slain by a gnoll
  1732 | D:4      | Reached XP level 5. HP: -3/24 MP: 7/7
  1750 | D:3      | Reached skill level 5 in Stealth
  1753 | D:3      | Killed from afar by an orc wizard

Vault maps used:
D:1:      elethiomel_arrival_shortcut, minmay_pentomino_w4
D:2:      uniq_natasha
D:3:      first_bread
D:5:      lemuel_crystal_altar, uniq_eustachio
Abyss:1:  evilmike_abyss_exit_16, hangedman_abyss_mock_shop

Skill      XL: |  1  2  3  4  5  6 |
---------------+-------------------+-----
Unarmed Combat | 4 5 6 |  6.0
Evocations     | 1 |  1.0
Stealth        | 5 4 |  5.0
Fighting       | |  3.0
Dodging        | |  3.2
Invocations    | |  1.7

Action                   |  1- 3 |  4- 6 || total
-------------------------+-------+-------++-------
Melee: Unarmed           |     5 |   153 ||   158
       Bite              |     1 |    13 ||    14
       Punch             |       |     5 ||     5
Evoke: Wand              |     4 |     3 ||     7
  Use: Scroll            |     1 |     9 ||    10
       Potion            |       |     5 ||     5
 Stab: Sleeping          |       |    12 ||    12
       Distracted        |       |     1 ||     1
  Eat: Chunk             |       |     9 ||     9
Armor: Skin              |       |     6 ||     6
Dodge: Dodged            |     5 |   103 ||   108
